 Dungeon Crawl Stone Soup version 0.28-a0-8-g6e044cfa68 (webtiles) character file.

Game seed: 4723114486551100693

1123 ipx the Chiller (level 8, -6/39 (41) HPs)
             Began as a Deep Elf Ice Elementalist on July 24, 2021.
             Was an Initiate of Sif Muna.
             Mangled by a wight (7 damage)
             ... on level 7 of the Dungeon.
             The game lasted 00:49:24 (2041 turns).

ipx the Chiller (Deep Elf Ice Elementalist)         Turns: 2041, Time: 00:49:25

HP:   -6/39 (41)    AC: 19    Str:  5    XL:     8   Next: 13%
MP:   21/26         EV: 14    Int: 23    God:    Sif Muna [......]
Gold: 31            SH:  0    Dex: 15    Spells: 7/17 levels left

rFire   . . .      SeeInvis .   w - +3 scythe (protect)
rCold   . . .      Faith    .   (shield currently unavailable)
rNeg    . . .      Spirit   .   d - +0 robe
rPois   .          Reflect  .   c - +1 helmet
rElec   .          Harm     .   b - scarf {repulsion}
rCorr   .          Rampage  .   (no gloves)
Will    +....                   (no boots)
Stlth   ++........              (no amulet)
HPRegen 0.13/turn               m - ring of willpower
MPRegen 0.20/turn               M - ring of magical power

@: ice-armoured, under a protective aura, freezing walls, lightly drained, repel
missiles
A: no striking features
a: Renounce Religion


You were on level 7 of the Dungeon.
You worshipped Sif Muna.
Sif Muna was noncommittal.
You visited 1 branch of the dungeon, and saw 8 of its levels.
You also visited: Sewer.

You collected 151 gold pieces.
You spent 120 gold pieces at shops.

Inventory:

Hand Weapons
 a - a +0 whip of pain
 n - a +0 dagger of freezing
 w - a +3 scythe of protection (weapon)
Missiles
 g - 5 poisoned darts
 o - 3 javelins (quivered)
Armour
 b - a scarf of repulsion (worn)
 c - a +1 helmet (worn)
 d - a +0 robe (worn)
Magical Staves
 h - a staff of earth
Jewellery
 m - a ring of willpower (left hand)
 p - a ring of poison resistance
 M - a ring of magical power (right hand)
Scrolls
 f - 2 scrolls of fog {unknown}
 i - 2 scrolls of teleportation
 k - a scroll of enchant weapon {unknown}
Potions
 e - a potion of berserk rage {unknown}
 j - a potion of mutation
 l - 2 potions of magic
 q - a potion of brilliance {unknown}
 r - 4 potions of curing


   Skills:
 + Level 5.5 Dodging
 - Level 2.4 Stealth
 - Level 5.0 Spellcasting
 + Level 7.0 Necromancy
 - Level 7.2 Ice Magic
 + Level 0.5 Earth Magic


You had 7 spell levels left.
You knew the following spells:

 Your Spells              Type           Power      Damage    Failure   Level
o - Ozocubu's Armour      Ice            39%        N/A       1%          3
r - Frozen Ramparts       Ice            78%        1d9       1%          3
v - Vampiric Draining     Necr           19%        2d8       1%          3
z - Freeze                Ice            100%       1d11      1%          1

Your spell library contained the following spells:

 Spells                   Type           Power      Damage    Failure   Level
 Sandblast                Erth           16%        2d6       8%          1
 Passwall                 Tmut/Erth      5%         N/A       13%         2
 Slow                     Hex            5%         N/A       14%         2
 Hailstorm                Conj/Ice       22%        3d7       22%         4
 Ice Form                 Ice/Tmut       22%        N/A       22%         4
 Stone Arrow              Conj/Erth      14%        3d7       26%         3
 Confusing Touch          Hex            5%         N/A       28%         3
 Spider Form              Tmut/Pois      2%         N/A       28%         3
 Borgnjor's Vile Clutch   Necr/Erth      11%        N/A       50%         5
 Lee's Rapid Deconstruct  Erth           4%         3d6*      91%         5
 Irradiate                Conj/Tmut      2%         3d14      95%         5


Dungeon Overview and Level Annotations

Branches:
Dungeon (8/15)              Sewer (visited)
 Temple: D:4-7         Lair: D:8-11

Altars:
Ashenzari
Hepliaklqana
Qazlal
Sif Muna
Uskayaw
Xom

Shops:
D:7 !

Annotations:
D:2 Natasha
D:6 Eustachio
D:7 exclusion: upstairs


Message History

You hit the wight.
You destroy the wight!
Sif Muna accepts your kill.
The wight resists.
The wall freezes the wight.
The wight closely misses you.
Your Necromancy skill increases to level 7!
You hit the wight but do no damage.
The wight is lightly damaged.
The frozen ramparts melt away.
The wight closely misses you.
The wight hits you with a +3 falchion of freezing.
You feel drained. The wight freezes you.
Casting: Frozen Ramparts (safe; 1% risk of failure)
Confirm with . or Enter, or press ? or * to list all spells.
Casting: Frozen Ramparts (safe; 1% risk of failure)
Press: ? - help, Dir - look around, f - activate The walls around you are covered in ice.
The wight resists.
The wall freezes the wight.
The wight hits you with a +3 falchion of freezing.
The wight freezes you.
You barely miss the wight.
The wight is lightly damaged.
The wight resists.
The wall freezes the wight.
The wight misses you.
The wight resists.
The wall freezes the wight.
The wight hits you but does no damage.
You hit the wight.
Your weapon exudes an aura of protection.
The wight is heavily damaged.
The wight completely resists.
The wall freezes the wight but does no damage.
The wight misses you.
The wight completely resists.
The wall freezes the wight but does no damage.
The wight closely misses you.
You hit the wight but do no damage.
The wight is heavily damaged.
The wight resists.
The wall freezes the wight.
The wight hits you with a +3 falchion of freezing!
* * * LOW HITPOINT WARNING * * *
You feel drained.
* * * LOW HITPOINT WARNING * * *
The wight freezes you!
You die...

......... ........ .......
#####....# #...#(...# #.>.#....#
#...#....# ###### #.#'#z...#
#....# #...@#+#.#######....#
#....#...#.....#....# #########
###....#.........#....# #.......#
#...#..#..##.....#....# #.......#
#.#...##.)######'#....#
#.......###...#....)#............
#...........#.......'............
#..∩..........#.##..#............
####+###....#...##..#.......<....


You could see a wight.

Vanquished Creatures
  An orc warrior (D:7)
  4 necrophages
  3 bullfrogs
  A wight (D:7)
  3 hounds
  3 orc priests
  4 orc wizards
  3 gnolls (D:4)
  5 adders
  2 ufetubi (D:4)
  A worm (D:4)
  3 dart slugs
  8 orcs
  6 endoplasms
  7 giant cockroaches
  6 goblins
  6 hobgoblins
  4 jackals (D:5)
  4 kobolds
  5 quokkas
  10 ball pythons
  2 bats (D:2)
  5 frilled lizards
  3 rats
99 creatures vanquished.

Notes
Turn   | Place    | Note
-------+----------+-------------------------------------------
     0 | D:1      | ipx the Deep Elf Ice Elementalist began the quest for the
                  | Orb.
     0 | D:1      | Reached XP level 1. HP: 10/10 MP: 6/6
   122 | D:1      | Reached XP level 2. HP: 10/15 MP: 4/8
   165 | D:1      | Reached skill level 5 in Ice Magic
   336 | D:2      | Reached XP level 3. HP: 17/19 MP: 6/9
   340 | D:2      | Learned a level 3 spell: Frozen Ramparts
   367 | D:2      | Found a stormy altar of Qazlal.
   457 | D:3      | Found a hazy altar of Hepliaklqana.
   478 | D:3      | Reached XP level 4. HP: 8/24 MP: 10/10
   525 | D:2      | Noticed Natasha
   655 | D:3      | You fall into a shaft and drop 2 floors!
   655 | D:5      | Entered Level 5 of the Dungeon
   656 | D:5      | Identified a scroll of acquirement
   661 | D:5      | Learned a level 3 spell: Ozocubu's Armour
   691 | D:5      | Reached XP level 5. HP: 11/28 MP: 11/11
   745 | D:5      | Found a shimmering blue altar of Sif Muna.
   778 | D:4      | Learned a level 3 spell: Vampiric Draining
   821 | D:4      | Found a glowing drain.
   842 | Sewer    | Entered a sewer
   885 | Sewer    | Reached skill level 1 in Necromancy
  1037 | Sewer    | Reached XP level 6. HP: 18/32 MP: 12/12
  1337 | D:4      | Reached XP level 7. HP: 29/36 MP: 12/13
  1396 | D:5      | Acquired the Handbook of Earth and Moulding
  1424 | D:5      | Reached skill level 5 in Necromancy
  1432 | D:5      | Became a worshipper of Sif Muna the Loreminder
  1460 | D:5      | Found a hide-covered altar of Uskayaw.
  1463 | D:5      | Found a broken altar of Ashenzari.
  1465 | D:5      | Found a shimmering altar of Xom.
  1671 | D:6      | Noticed Eustachio
  1718 | D:6      | Noticed a vampire
  1853 | D:7      | Reached skill level 5 in Dodging
  1872 | D:7      | Found Jaot's Distillery.
  1879 | D:7      | Bought 2 potions of curing for 72 gold pieces
  1879 | D:7      | Bought a potion of degeneration for 12 gold pieces
  1879 | D:7      | Bought a potion of curing for 36 gold pieces
  1918 | D:7      | Reached skill level 5 in Spellcasting
  1918 | D:7      | Reached XP level 8. HP: 27/41 MP: 14/17
  2041 | D:7      | HP: 1/39 [wight (5)]
  2041 | D:7      | Mangled by a wight

Illustrated notes

Levels and vault maps discovered:
D:1:      onia_arrival_handbag, layout_loops_corners,
          dreamdust_ecumenical_altar_drowned_temple, corexii_leaking_fountain,
          hangedman_abyss_or_decor_lesser_grid, nrook_campfire, glass_columns_b
D:2:      layout_loops_cross, basic_altar, uniq_natasha
D:3:      layout_basic, nicolae_elyvilon_temple_path, lemuel_round_altar
D:4:      layout_rooms, cheibrodos_sewer_entry_bend
D:5:      layout_loops_ring, nicolae_ru_path_of_blood,
          nicolae_sif_muna_condensation, grunt_temple_overflow_diamond,
          grunt_ministairs_12
D:6:      layout_loops_ring, lemuel_mausoleum_altar_yredelemnul,
          minmay_temple_entry_nine_rooms, uniq_eustachio
D:7:      layout_gridville, serial_shops, shop, minmay_misc_feat_pillars
D:8:      layout_gridville, mainiacjoe_overflow_six_doors_small,
          grunt_ministairs_12, uniq_grum

Skill      XL: |  1  2  3  4  5  6  7  8 |
---------------+-------------------------+-----
Ice Magic      | 5 6 7 |  7.2
Necromancy     | 2 4 6 7 |  7.0
Dodging        | 3 4 5 |  5.5
Spellcasting   | 5 |  5.0
Stealth        | |  2.4
Earth Magic    | |  0.5

Action                   |  1- 3 |  4- 6 |  7- 9 || total
-------------------------+-------+-------+-------++-------
Melee: Dagger            |    17 |     1 |       ||    18
       Scythe            |       |    20 |    34 ||    54
Throw: Javelin           |       |       |     1 ||     1
 Cast: Freeze            |    36 |    39 |     2 ||    77
       Frozen Ramparts   |     1 |    13 |    12 ||    26
       Ozocubu's Armour  |       |     8 |     7 ||    15
  Use: Potion            |     2 |       |       ||     2
       Scroll            |       |     4 |     3 ||     7
 Stab: Sleeping          |     1 |     4 |     1 ||     6
Armor: Robe              |     4 |    18 |    17 ||    39
Dodge: Dodged            |    21 |    39 |    30 ||    90

Table legend: (Time is in decaauts)
 A = Elapsed time spent in this place.
 B = Non-inter-level travel time spent in this place.
 C = Inter-level travel time spent in this place.
 D = Time resting spent in this place.
 E = Time spent auto-exploring this place.
 F = Levels seen in this place.
 G = Mean time per level.
                   A        B        C        D        E       F      G
               +--------+--------+--------+--------+--------+-----+--------+
         Total |   2208 |   2208 |      0 |      0 |      0 |   9 |  245.3 |
       Dungeon |   1949 |   1949 |      0 |      0 |      0 |   8 |  243.6 |
         Sewer |    259 |    259 |      0 |      0 |      0 |   1 |  259.0 |
               +--------+--------+--------+--------+--------+-----+--------+

Top non-repeatable levels by time:
     D:4: 459 daAuts
     D:7: 328 daAuts
     D:5: 325 daAuts
     D:1: 288 daAuts
   Sewer: 259 daAuts
     D:3: 224 daAuts
     D:6: 161 daAuts
     D:2: 159 daAuts
     D:8: 1 daAuts
